 Dungeon Crawl Stone Soup version 0.31.0-12-g77e489cdc1 (webtiles) character file.

Game seed: 13416707914462751861

1379 Peloso the Carver (level 8, 0/67 (70) HPs)
             Began as a Minotaur Fighter on Feb 23, 2024.
             Slain by an orc
             ... wielding a +0 club
              (2 damage)
             ... on level 6 of the Dungeon.
             The game lasted 00:11:56 (5151 turns).

Peloso the Carver (Minotaur Fighter)                Turns: 5151, Time: 00:11:58

HP:   0/67 (70)     AC: 15    Str: 20    XL:     8   Next: 39%
MP:   7/7           EV:  9    Int:  5    God:
Gold: 203           SH:  6    Dex: 13    Spells: 7/7 levels left

rFire   . . .        a - +1 long sword
rCold   . . .        d - +1 buckler
rNeg    . . .        c - +5 chain mail "Punuaxzula" {Stlth+}
rPois   .            (helmet restricted)
rElec   .            (no cloak)
rCorr   .            (no gloves)
SInv    .            (no boots)
Will    .....        (no amulet) Stlth
                     (no ring)
HPRegen 0.31/turn    (no ring)
MPRegen 0.10/turn

%: no passive effects
@: attractive, lightly drained
A: horns 2, retaliatory headbutt
a: no special abilities


You were on level 6 of the Dungeon.
You visited 1 branch of the dungeon, and saw 6 of its levels.
You also visited: Sewer.

You collected 203 gold pieces.

Inventory:

Hand Weapons
 a - a +1 long sword (weapon)
 b - the +11 rapier of the Badger {drain, rC+ SInv}
   (You found it on level 4 of the Dungeon)

   rC+:       It protects you from cold.
   SInv:      It lets you see invisible.
Armour
 c - the +5 chain mail "Punuaxzula" (worn) {Stlth+}
   (You found it on level 2 of the Dungeon)

   Stlth+:    It makes you more stealthy.
 d - a +1 buckler (worn)
Jewellery
 e - a +6 ring of strength
Scrolls
 f - 3 scrolls of enchant weapon
 i - a scroll of immolation
 k - 3 scrolls of teleportation
 l - a scroll of fog
 o - a scroll of poison
 p - a scroll of vulnerability {unknown}
 r - a scroll of enchant armour
Potions
 g - a potion of brilliance
 h - 2 potions of enlightenment
 j - 5 potions of might
 t - a potion of heal wounds {unknown}
Miscellaneous
 n - a sack of spiders


   Skills:
 + Level 6.1 Fighting
 + Level 8.0 Long Blades
 + Level 6.9 Armour
 + Level 2.6 Dodging
 + Level 0.4 Stealth
 + Level 6.0 Shields


You had 7 spell levels left.
You didn't know any spells.
Your spell library contained the following spells:

 Spells                   Type           Power      Damage    Failure   Level
 Shock                    Conj/Air       0%         1d3       99%         1
 Gell's Gravitas          Tloc           0%         N/A       100%        3
 Swiftness                Air            0%         N/A       100%        3
 Teleport Other           Tloc           0%         N/A       100%        3
 Tukima's Dance           Hex            0%         N/A       100%        3
 Airstrike                Air            0%         2d(0-16)  100%        4
 Dimensional Bullseye     Hex/Tloc       0%         N/A       100%        4
 Iskenderun's Mystic Bla  Conj/Tloc      0%         2d3       100%        4
 Dispersal                Tloc           0%         N/A       100%        6


Dungeon Overview and Level Annotations

Branches:
Dungeon (6/15)              Sewer (visited)
 Temple: D:4-7

Altars:

Portals:
Abyss: D:3

Annotations:
D:3 2 transporters, 112233's ghost, amateur OpCj
D:5 3 runed translucent doors, Peloso's ghost, novice MiFi
D:6 Blork the orc


Innate Abilities, Weirdness & Mutations

You have a pair of horns on your head.
You reflexively headbutt those who attack you in melee.


Message History

The gnoll bouda hits you with a +3 whip of draining!
* * * LOW HITPOINT WARNING * * *
You feel drained.
* * * LOW HITPOINT WARNING * * *
The orc closely misses you.
The gnoll bouda hits you with a +3 whip of draining!
* * * LOW HITPOINT WARNING * * *
You feel drained.
You slash the gnoll bouda! You headbutt the gnoll bouda.
The gnoll bouda is severely wounded.
You block the orc's attack.
Blork the orc comes into view.
He is wielding a +0 flail.
The gnoll bouda barely misses you. You furiously retaliate!
You headbutt the gnoll bouda!
You kill the gnoll bouda!
Your Long Blades skill increases to level 8!
Blork the orc shouts!
You block the gnoll's attack. You block the orc's attack.
The gnoll hits you but does no damage. The orc barely misses you.
You furiously retaliate!
You headbutt the orc.
There is a stone staircase leading up, spattered with blood here.
Items here: ))) [[[ †.
Unknown command.
It was a potion of attraction.
You feel attractive to monsters.
The gnoll is no longer moving quickly.
An ufetubus comes into view.
You block the gnoll's attack. The orc closely misses you.
You furiously retaliate!
You headbutt the orc!
You kill the orc!
You block the gnoll's attack. The orc hits you but does no damage.
The ufetubus is attracted toward you. Blork the orc is attracted toward you.
It was a potion of cancellation.
Your magical effects are unravelling.
You feel magically purged.
Your attacks no longer feel as feeble.
The ufetubus shouts!
The gnoll is no longer moving quickly.
You block the gnoll's attack. x2
The orc hits you with a +0 club.
You die...

....##
##.##.......P+
.....#.#......
....?(.#.#..P#
.........#...+
#............#
.........#...##+#
........g#)..P..##
.....§ogo@........
.......5g######..#
.......#.# ##
.......§...
......#......
g.............#
......####.....
...... ..... .$...
.....


You could see Blork the orc, 3 gnolls, an ufetubus and an orc.

Vanquished Creatures
  2 water moccasins
  A black bear (D:4)
  An ogre (D:5)
  A phantom (D:5)
  2 bullfrogs (Sewer)
  3 scorpions
  A howler monkey (D:5)
  A bombardier beetle (D:5)
  A gnoll bouda (D:6)
  A hound (D:4)
  An orc priest (D:3)
  A sleepcap (D:5)
  An iguana (D:5)
  3 orc wizards
  14 adders
  A shadow imp (D:6)
  A white imp (D:5)
  An ufetubus (D:6)
  13 dart slugs
  4 ribbon worms
  16 orcs
  7 bats
  12 endoplasms
  13 giant cockroaches
  5 goblins
  6 hobgoblins
  4 jackals
  8 kobolds
  6 quokkas
  10 ball pythons
  17 frilled lizards
  11 rats
169 creatures vanquished.

Notes
Turn   | Place    | Note
-------+----------+-------------------------------------------
     0 | D:1      | Peloso the Minotaur Fighter began the quest for the Orb.
     0 | D:1      | Reached XP level 1. HP: 19/19 MP: 0/0
   176 | D:1      | Reached XP level 2. HP: 26/27 MP: 1/1
   413 | D:1      | Found a faded altar of an unknown god.
   534 | D:1      | Reached XP level 3. HP: 29/33 MP: 2/2
   938 | D:2      | Reached skill level 1 in Dodging
   960 | D:2      | Reached skill level 3 in Long Blades
  1177 | D:2      | Identified the +5 chain mail "Punuaxzula" {Stlth+}
  1316 | D:2      | Reached XP level 4. HP: 36/40 MP: 3/3
  1878 | D:3      | Noticed a kobold brigand
  1880 | D:3      | Found a transporter.
  2203 | D:3      | Noticed an ancient zyme
  2257 | D:3      | Found a transporter.
  2268 | D:3      | Found a one-way gate to the infinite horrors of the Abyss.
  2268 | D:3      | Noticed 112233's ghost (amateur OpCj)
  2348 | D:3      | Reached skill level 4 in Long Blades
  2348 | D:3      | Reached XP level 5. HP: 46/46 MP: 4/4
  2466 | D:4      | Reached skill level 5 in Armour
  2522 | D:4      | Found a glowing drain.
  2556 | Sewer    | Entered a sewer
  2590 | Sewer    | Reached XP level 6. HP: 53/53 MP: 5/5
  2819 | Sewer    | Reached skill level 5 in Long Blades
  2819 | Sewer    | Reached skill level 5 in Shields
  3151 | D:4      | Reached XP level 7. HP: 59/60 MP: 6/6
  3354 | D:4      | Identified the +11 rapier of the Badger {drain, rC+ SInv}
  3437 | D:4      | Reached skill level 5 in Fighting
  3642 | D:4      | Reached skill level 6 in Long Blades
  3753 | D:5      | Entered Level 5 of the Dungeon
  4446 | D:5      | Reached skill level 7 in Long Blades
  4446 | D:5      | Reached XP level 8. HP: 59/70 MP: 7/7
  4757 | D:5      | Found a runed translucent gate.
  4757 | D:5      | Found a runed translucent gate.
  4758 | D:5      | Found a runed translucent gate.
  4762 | D:5      | Noticed Peloso's ghost (novice MiFi)
  5147 | D:6      | HP: 1/68 [gnoll bouda/+3 whip of draining (9)]
  5148 | D:6      | Noticed Blork the orc
  5149 | D:6      | Reached skill level 8 in Long Blades
  5151 | D:6      | Slain by an orc

Illustrated notes

Levels and vault maps discovered:
D:1:      lemuel_arrival_lava_pool, layout_basic,
          shapermc_ecumenical_altar_ellora
D:2:      minmay_wonky_spiral, layout_basic
D:3:      layout_basic, gammafunk_ghost_abyssal_escape
D:4:      layout_loops_cross, mainiacjoe_sewer_entry_somewhere_in_here_1
D:5:      layout_cave_pools, serial_column_ruins, column_ruins_hut_ruined,
          column_ruins_corridor_plus, column_ruins_grid_4,
          column_ruins_open_small, column_ruins_open_tiny,
          column_ruins_open_medium_water, ebering_ghost_rock_garden
D:6:      corexii_shantytown, layout_rooms, minmay_temple_entry_hall,
          uniq_blork_the_orc

Skill      XL: |  1  2  3  4  5  6  7  8 |
---------------+-------------------------+-----
Shields        | 4 5 6 |  6.0
Fighting       | 4 5 6 |  6.1
Armour         | 4 5 6 |  6.9
Dodging        | 1 2 |  2.6
Long Blades    | 3 4 5 7 8 |  8.0
Stealth        | |  0.4

Action                     |  1- 3 |  4- 6 |  7- 9 || total
---------------------------+-------+-------+-------++-------
  Melee: Long sword        |    85 |   225 |   174 ||   484
         Headbutt          |    10 |    26 |    25 ||    61
    Use: Scroll            |     3 |     5 |     2 ||    10
         Potion            |     1 |       |     3 ||     4
 Armour: Scale mail        |    64 |     4 |       ||    68
         Chain mail        |       |   253 |   190 ||   443
  Dodge: Dodged            |    47 |   110 |    98 ||   255
  Block: Buckler           |    21 |    78 |    54 ||   153
